 Dungeon Crawl Stone Soup version 0.22-a0-231-g1b571ea (webtiles) character file.

67 wolfsongas the Charmwright (level 4, 0/38 HPs)
             Began as a Gnoll Skald on Feb 21, 2018.
             Slain by a worm (5 damage)
             ... on level 2 of the Dungeon.
             The game lasted 00:02:43 (2605 turns).

wolfsongas the Charmwright (Gnoll Skald)            Turns: 2605, Time: 00:02:43

Health: 0/38       AC:  4    Str: 15 (17) XL:     4   Next: 16%
Magic:  11/11      EV: 14    Int: 14 (15) God:
Gold:   118        SH:  0    Dex: 14 (15) Spells: 12/13 levels left

rFire    . . .     SeeInvis .   o - +0 long sword
rCold    . . .     Gourm    .   (no shield)
rNeg     . . .     Faith    .   b - +1 leather armour
rPois    .         Spirit   .   (no helmet)
rElec    .         Reflect  .   (no cloak)
rCorr    +         Harm     .   (no gloves)
MR       .....                  (no boots)
Stlth    +.........             e - amulet of inaccuracy (curse)
HPRegen  0.12/turn              l - ring of resist corrosion
MPRegen  0.12/turn              k - +3 ring of strength

@: lethally poisoned (0 -> -7), flying, very slightly contaminated, invisible
A: distributed training, fangs 1, strong nose
a: no special abilities


You were on level 2 of the Dungeon.
You were hungry.

You visited 1 branch of the dungeon, and saw 2 of its levels.

You collected 118 gold pieces.

Inventory:

Hand Weapons
 o - a +0 long sword (weapon)
Armour
 b - a +1 leather armour (worn)
Jewellery
 a - an uncursed ring of ice {unknown}
 e - a cursed amulet of inaccuracy (around neck)
 g - an uncursed ring of flight
 k - a +3 ring of strength (right hand)
 l - a ring of resist corrosion (left hand)
Scrolls
 f - 3 scrolls of fog
 h - 3 scrolls of fear
 i - a scroll of enchant weapon
Potions
 j - 2 potions of degeneration
 m - a potion of flight
Comestibles
 c - 3 rations
 d - 3 chunks of flesh


   Skills:
 + Level 4.6 Fighting
 + Level 1.0 Short Blades
 + Level 1.0 Long Blades
 + Level 1.0 Axes
 + Level 4.6 Maces & Flails
 + Level 1.0 Polearms
 + Level 1.0 Staves
 + Level 1.0 Slings
 + Level 1.0 Bows
 + Level 1.0 Crossbows
 + Level 1.0 Throwing
 + Level 2.7 Armour
 + Level 4.6 Dodging
 + Level 1.0 Stealth
 + Level 1.0 Shields
 + Level 1.0 Unarmed Combat
 + Level 5.0 Spellcasting
 + Level 0.8 Conjurations
 + Level 0.8 Hexes
 + Level 5.4 Charms
 + Level 0.8 Summonings
 + Level 0.8 Necromancy
 + Level 0.8 Translocations
 + Level 0.8 Transmutations
 + Level 0.8 Fire Magic
 + Level 0.8 Ice Magic
 + Level 0.8 Air Magic
 + Level 0.8 Earth Magic
 + Level 0.8 Poison Magic
 + Level 1.1 Invocations
 + Level 1.0 Evocations


You had 12 spell levels left.
You knew the following spells:

 Your Spells              Type           Power        Failure   Level  Hunger
a - Infusion              Chrm           ###.         2%          1    None


Dungeon Overview and Level Annotations

Branches:
Dungeon (2/15)

Altars:
Elyvilon
Kikubaaqudgha
Nemelex Xobeh
Sif Muna


Innate Abilities, Weirdness & Mutations

Your experience applies equally to all skills.
You have very sharp teeth.
Your uncanny sense of smell can sniff out nearby items.


Message History

There was something very wrong with that liquid.
You feel weakened.
You feel dopey.
You feel clumsy.
You feel sick. The worm bites you!
* * * LOW HITPOINT WARNING * * *
The worker ant barely misses you.
It was a potion of flight.
You feel very buoyant.
You fly up into the air.
* * * LOW HITPOINT WARNING * * *
You feel sick. The worker ant barely misses you. The worm barely misses you.
It was a potion of invisibility.
You fade into invisibility!
The worker ant closely misses you.
You riposte.
You miss the worker ant.
The worker ant is almost dead.
You are very lightly contaminated with residual magic.
You completely miss the worker ant.
The worker ant is almost dead.
* * * LOW HITPOINT WARNING * * *
You feel sick. The worker ant misses you. The worm bites you.
You die...

##....# #.#
#..............#
#....######.#
#.##.#)#########
#...........#
#.##.#.#
#############
#.##.#)# ∆
#.##.#.#
#.##.#.#
#?##.#.#
##.######.##.#.#
......a@w....#.#
.#.####........#
.....#...##
##.####.#.# #.
...# ## ###


You could see a worm and a worker ant.

Vanquished Creatures
  An adder (D:2)
  An ooze (D:1)
  2 dart slugs
  2 leopard geckos (D:1)
  4 giant cockroaches
  6 goblins
  7 hobgoblins
  4 jackals (D:2)
  6 kobolds
  2 bats
  5 frilled lizards
  4 rats
44 creatures vanquished.

Notes
Turn   | Place    | Note
-------+----------+-------------------------------------------
     0 | D:1      | wolfsongas the Gnoll Skald began the quest for the Orb.
     0 | D:1      | Reached XP level 1. HP: 20/20 MP: 6/6
    70 | D:1      | Found a sparkling altar of Nemelex Xobeh.
    91 | D:1      | Reached XP level 2. HP: 7/26 MP: 7/7
   919 | D:1      | Reached XP level 3. HP: 28/31 MP: 9/9
  1088 | D:1      | Reached skill level 5 in Spellcasting
  1563 | D:2      | Reached skill level 1 in Invocations
  1886 | D:2      | Reached skill level 1 in Short Blades
  1886 | D:2      | Reached skill level 1 in Long Blades
  1886 | D:2      | Reached skill level 1 in Axes
  1886 | D:2      | Reached skill level 1 in Polearms
  1886 | D:2      | Reached skill level 1 in Staves
  1886 | D:2      | Reached skill level 1 in Slings
  1886 | D:2      | Reached skill level 1 in Bows
  1886 | D:2      | Reached skill level 1 in Crossbows
  1886 | D:2      | Reached skill level 1 in Throwing
  1886 | D:2      | Reached skill level 1 in Stealth
  1886 | D:2      | Reached skill level 1 in Shields
  1886 | D:2      | Reached skill level 1 in Unarmed Combat
  1886 | D:2      | Reached skill level 1 in Evocations
  2189 | D:2      | Reached XP level 4. HP: 31/38 MP: 11/11
  2368 | D:2      | Found an ancient bone altar of Kikubaaqudgha.
  2426 | D:2      | Found a deep blue altar of Sif Muna.
  2426 | D:2      | Found a white marble altar of Elyvilon.
  2605 | D:2      | Slain by a worm

Vault maps used:
D:1:      dpeg_arrival_oval, nemelex_diamond_rough_becter
D:2:      lemuel_round_altar, gammafunk_temple_overflow_elements, first_ration

Skill      XL: |  1  2  3 |
---------------+----------+-----
Spellcasting   | 5 |  5.0
Invocations    | 1 |  1.1
Short Blades   | 1 |  1.0
Long Blades    | 1 |  1.0
Axes           | 1 |  1.0
Polearms       | 1 |  1.0
Staves         | 1 |  1.0
Slings         | 1 |  1.0
Bows           | 1 |  1.0
Crossbows      | 1 |  1.0
Throwing       | 1 |  1.0
Stealth        | 1 |  1.0
Shields        | 1 |  1.0
Unarmed Combat | 1 |  1.0
Evocations     | 1 |  1.0
Fighting       | |  4.6
Maces & Flails | |  4.6
Armour         | |  2.7
Dodging        | |  4.6
Conjurations   | |  0.8
Hexes          | |  0.8
Charms         | |  5.4
Summonings     | |  0.8
Necromancy     | |  0.8
Translocations | |  0.8
Transmutations | |  0.8
Fire Magic     | |  0.8
Ice Magic      | |  0.8
Air Magic      | |  0.8
Earth Magic    | |  0.8
Poison Magic   | |  0.8

Action                   |  1- 3 |  4- 6 || total
-------------------------+-------+-------++-------
Melee: Mace              |   118 |    13 ||   131
       Bite              |     9 |     4 ||    13
       Long sword        |       |    28 ||    28
  Use: Scroll            |     4 |     1 ||     5
       Potion            |       |     3 ||     3
 Stab: Sleeping          |     1 |     1 ||     2
  Eat: Chunk             |     4 |     1 ||     5
Armor: Leather armour    |    22 |    10 ||    32
Dodge: Dodged            |   135 |    38 ||   173
       Rpst.: Long sword |       |    11 ||    11

Table legend:
 A = Spawn XP
 B = Non-spawn XP
 C = Spawn XP percentage of total XP
 D = Spawn monster count
 E = Non-spawn monster count
 F = Spawn count percentage of total count
 G = Total turns spent on level
                    A         B        C        D         E        F      G
               +---------+---------+-------+---------+---------+-------+---------
         Total |       0 |      96 |   0.0 |       0 |      44 |   0.0 |  2605
               +---------+---------+-------+---------+---------+-------+---------
           D:1 |       0 |      42 |   0.0 |       0 |      20 |   0.0 |  1407
           D:2 |       0 |      54 |   0.0 |       0 |      24 |   0.0 |  1198
               +---------+---------+-------+---------+---------+-------+---------
